 Dungeon Crawl Stone Soup version 0.16.1-18-g436b03c (webtiles) character file.

590 SacrificialToast the Archer (level 7, 0/56 HPs)
             Began as a Centaur Hunter on Apr 28, 2015.
             Was a Follower of Qazlal.
             Succumbed to an adder's poison
             ... on level 5 of the Dungeon.
             The game lasted 00:34:11 (5488 turns).

SacrificialToast the Archer (Centaur Hunter)        Turns: 5488, Time: 00:34:11

Health: 0/56       AC:  4    Str: 14    XL:     7   Next: 15%
Magic:  10/10      EV: 10    Int: 16    God:    Qazlal [*.....]
Gold:   254        SH:  1    Dex: 11    Spells: 0 memorised, 10 levels left

rFire  + + .     SeeInvis .     a - +0 short sword
rCold  + . .     Clarity  .     c - +0 leather armour {rF+}
rNeg   . . .     SustAb   .     (no shield)
rPois  +         Gourm    .     (no helmet)
rElec  +         Spirit   .     (no cloak)
rCorr  +         Warding  .     (no gloves)
rMut   .         Stasis   .     (no barding)
MR     .....                    (no amulet)
Stlth  +.........               (no ring)
                                (no ring)

@: brilliant, lethally poisoned (0 -> -10), resistant, very quick, not resistant
to hostile enchantments, very unstealthy
A: hooves 3, deformed body, speed 2, tough skin 3
a: Renounce Religion


You were on level 5 of the Dungeon.
You worshipped Qazlal.
Qazlal was aware of your devotion.
You were not hungry.

You visited 2 branches of the dungeon, and saw 6 of its levels.

You collected 254 gold pieces.

Inventory:

Hand weapons
 a - a +0 short sword (weapon)
 b - a +1 shortbow
Missiles
 s - 73 stones (quivered)
 B - 2 arrows
Armour
 c - a +0 leather armour of fire resistance (worn)
 d - a +0 leather armour
 q - a +0 buckler
Jewellery
 g - an uncursed ring of protection from fire {unknown}
Magical devices
 o - a wand of random effects (28)
 y - a wand of teleportation (3)
Scrolls
 h - 5 scrolls of identify
 i - a scroll of recharging {unknown}
 l - a scroll of immolation
 m - 2 scrolls of amnesia {unknown}
 n - a scroll of fear {unknown}
 p - 3 scrolls of teleportation {unknown}
 t - a scroll of blinking
 v - a scroll of noise {unknown}
 w - a scroll of enchant armour {unknown}
Potions
 e - a potion of restore abilities
 j - 2 potions of brilliance
 k - a potion of lignification {unknown}
 r - a potion of magic
 z - a potion of agility {unknown}
Comestibles
 f - 4 bread rations
 C - a meat ration


   Skills:
 + Level 2.4 Fighting
 + Level 8.3 Bows
 + Level 2.3 Armour
 + Level 2.9 Dodging
 - Level 0.5 Stealth
 * Level 2.0 Spellcasting


You had 10 spell levels left.
You didn't know any spells.

Dungeon Overview and Level Annotations

Branches:
Dungeon (5/15)             Temple (1/1) D:4

Altars:
Ashenzari
Cheibriados
Dithmenos
Elyvilon
Fedhas
Gozag
Kikubaaqudgha
Makhleb
Qazlal
Sif Muna
Trog
Vehumet
Zin
The Shining One

Annotations:
D:4 tition's ghost, average MiFi
D:5 chmielowiec's ghost, experienced TrBe


Innate Abilities, Weirdness & Mutations

You have hooves in place of feet.
Armour fits poorly on your strangely shaped body.
You cover ground very quickly.
You have extremely tough skin (AC +3).


Message History

The adder bites you.
* * * LOW HITPOINT WARNING * * *
You are lethally poisoned!
The adder poisons you! The adder barely misses you.
Drink which item? (? for menu, Esc to quit)
It was a potion of brilliance.
You feel clever all of a sudden.
* * * LOW HITPOINT WARNING * * *
You feel sick. The adder bites you.
* * * LOW HITPOINT WARNING * * *
You are more poisoned.
The adder poisons you!
Drink which item? (? for menu, Esc to quit)
It was a potion of magic.
Magic courses through your body.
* * * LOW HITPOINT WARNING * * *
You feel sick. The adder bites you but does no damage.
Drink which item? (? for menu, Esc to quit)
It was a potion of resistance.
You feel protected.
You die...

♣≈≈♣♣.....##PP≈.
♣♣.♣♣♣..##P≈P≈P≈
♣.≈♣...#PP≈♣≈P♣
#.#.....P≈♣♣♣♣♣
#.......P≈≈♣ ♣
##......P≈≈♣♣♣♣
##..###...≈≈♣P≈♣
###..#####...≈≈≈≈P
#@.....# #...≈P.P.
#.S....# ##..P....
#..###..# ########
....+ ..# ......#
..# ....... .##
....... .. ......
. ...


You could see an adder.

Vanquished Creatures
  2 ogres (D:4)
  Sigmund (D:3)
  An orc priest (D:5)
  2 worker ants (D:4)
  An iguana (D:4)
  Ijyb (D:3)
  Jessica (D:2)
  A hound skeleton (D:4)
  Terence (D:2)
  Robin (D:4)
  6 adders
  2 giant mites
  2 worms
  An adder skeleton (D:4)
  3 oozes
  4 orcs
  A ball python (D:4)
  2 bat skeletons (D:4)
  3 giant cockroaches
  11 goblins
  12 hobgoblins
  3 quokkas
  9 bats
  3 giant geckos
  A giant gecko skeleton (D:4)
  2 giant newts
  9 kobolds
  6 rats
  2 fungi (D:5)
94 creatures vanquished.

Notes
Turn   | Place    | Note
--------------------------------------------------------------
     0 | D:1      | SacrificialToast, the Centaur Hunter, began the quest for the Orb.
     0 | D:1      | Reached XP level 1. HP: 17/17 MP: 1/1
   308 | D:1      | Reached XP level 2. HP: 24/24 MP: 2/2
   508 | D:1      | Reached skill level 6 in Bows
   696 | D:2      | Reached XP level 3. HP: 29/29 MP: 3/3
   790 | D:2      | Noticed Jessica
   793 | D:2      | Killed Jessica
   793 | D:2      | Reached skill level 7 in Bows
   793 | D:2      | Reached XP level 4. HP: 9/36 MP: 3/3
  1286 | D:2      | Noticed Terence
  1316 | D:2      | Killed Terence
  1788 | D:3      | Noticed Ijyb
  1836 | D:3      | Killed Ijyb
  1836 | D:3      | Reached skill level 1 in Armour
  1917 | D:3      | Noticed Sigmund
  2071 | D:3      | Reached XP level 5. HP: 41/41 MP: 4/4
  2692 | D:3      | Killed Sigmund
  2888 | D:3      | Found a snail-covered altar of Cheibriados.
  2888 | D:3      | Found a burning altar of Makhleb.
  2970 | D:4      | Reached skill level 8 in Bows
  3258 | D:4      | Reached skill level 1 in Spellcasting
  3258 | D:4      | Reached XP level 6. HP: 33/48 MP: 5/7
  3275 | D:4      | Found a staircase to the Ecumenical Temple.
  3296 | Temple   | Entered the Ecumenical Temple
  3389 | Temple   | Became a worshipper of Qazlal Stormbringer
  3443 | D:4      | Noticed an ogre
  3666 | D:4      | Noticed tition's ghost (average MiFi)
  3780 | D:4      | Noticed an ogre
  4421 | D:4      | Noticed Robin
  4640 | D:4      | Killed Robin
  5011 | D:4      | Killed an ogre
  5143 | D:4      | Killed an ogre
  5143 | D:4      | Reached XP level 7. HP: 50/56 MP: 8/8
  5163 | D:5      | Entered Level 5 of the Dungeon
  5240 | D:5      | Found a stormy altar of Qazlal.
  5275 | D:5      | Noticed chmielowiec's ghost (experienced TrBe)
  5417 | D:5      | Acquired Qazlal's first power
  5486 | D:5      | HP: 2/56 [poisoned by an adder]
  5488 | D:5      | Succumbed to an adder's poison

Action                   |  1- 3 |  4- 6 |  7- 9 || total
-------------------------+-------+-------+-------++-------
Melee: Short sword       |    11 |   272 |    55 ||   338
 Fire: Shortbow          |    62 |    75 |     2 ||   139
Throw: Stone             |       |     4 |       ||     4
  Use: Scroll            |       |     4 |       ||     4
       Potion            |       |     4 |     5 ||     9
  Eat: Chunk             |       |     8 |       ||     8
       Meat ration       |       |     1 |       ||     1
